 Dungeon Crawl Stone Soup version 0.22-a0-161-g198051c (webtiles) character file.

9727 wolfsongas the Grappler (level 11, -29/82 HPs)
             Began as an Octopode Fighter on Feb 10, 2018.
             Was a High Priest of Okawaru.
             Annihilated by a very large slime creature (56 damage)
             ... on level 11 of the Dungeon.
             The game lasted 00:24:10 (12615 turns).

wolfsongas the Grappler (Octopode Fighter)         Turns: 12615, Time: 00:24:11

Health: -29/82     AC:  1    Str: 19    XL:     11   Next: 51%
Magic:  20/20      EV: 12    Int: 10    God:    Okawaru [*****.]
Gold:   853        SH: 13    Dex: 12    Spells: 10/10 levels left

rFire    + . .     SeeInvis .     - Unarmed
rCold    + . .     Gourm    .   a - +0 shield
rNeg     . . .     Faith    .   (helmet restricted)
rPois    +         Spirit   .   w - +3 amulet of reflection
rElec    .         Reflect  +   g - ring of magical power
rCorr    .         Harm     .   k - ring of poison resistance
MR       +....                  d - ring of protection from magic
Stlth    +++++.....             q - ring of protection from cold
HPRegen  0.23/turn              H - ring of protection from fire
MPRegen  0.17/turn              (no ring)
                                (no ring)
                                (no ring)

@: no status effects
A: almost no armour, stealthy swim, amphibious, 8 rings, constrict 8, camouflage
1, gelatinous body 1
a: Heroism, Finesse, Renounce Religion


You were on level 11 of the Dungeon.
You worshipped Okawaru.
Okawaru was extremely pleased with you.
You were not hungry.

You visited 2 branches of the dungeon, and saw 12 of its levels.
You also visited: Sewer.

You collected 909 gold pieces.
You spent 56 gold pieces at shops.

Inventory:

Hand Weapons
 v - a +2 great sword of freezing
Armour
 a - a +0 shield (worn)
Jewellery
 d - a ring of protection from magic (on tentacle)
 g - a ring of magical power (left tentacle)
 k - a ring of poison resistance (right tentacle)
 q - a ring of protection from cold (on tentacle)
 w - a +3 amulet of reflection (around mantle)
 H - a ring of protection from fire (on tentacle)
Wands
 b - a wand of digging (21)
 e - a wand of acid (7)
 r - a wand of flame (25)
Scrolls
 i - 4 scrolls of fear
 j - 8 scrolls of remove curse
 l - 9 scrolls of teleportation
 o - 2 scrolls of amnesia
 s - 2 scrolls of fog
 A - 2 scrolls of silence
Potions
 f - 4 potions of lignification
 h - 2 potions of brilliance
 m - a potion of cancellation
 n - a potion of invisibility {unknown}
 p - 8 potions of curing
 t - 2 potions of magic
 u - 2 potions of berserk rage
 x - a potion of degeneration {unknown}
 z - a potion of flight
 B - a potion of mutation {unknown}
 D - a potion of ambrosia {unknown}
 F - a potion of haste {unknown}
 G - 2 potions of might
 J - a potion of resistance {unknown}
Comestibles
 c - 16 rations


   Skills:
 + Level 10.7 Fighting
 - Level 3.0 Dodging
 - Level 10.1 Stealth
 + Level 7.1 Shields
 + Level 11.0 Unarmed Combat


You had 10 spell levels left.
You didn't know any spells.

Dungeon Overview and Level Annotations

Branches:
Dungeon (11/15)            Temple (1/1) D:4            Lair (0/6) D:8
    Orc (0/2) D:10

Altars:
Ashenzari
Cheibriados
Dithmenos
Elyvilon
Fedhas
Gozag
Hepliaklqana
Kikubaaqudgha
Makhleb
Nemelex Xobeh
Okawaru
Qazlal
Ru
Sif Muna
Trog
Uskayaw
Vehumet
Wu Jian
Xom
Yredelemnul
Zin
The Shining One

Shops:
D:5 ?%[!


Innate Abilities, Weirdness & Mutations

You cannot wear most types of armour.
You are very stealthy in the water. (Stealth+)
You are amphibious.
You can wear up to eight rings at the same time.
You can use your tentacles to constrict eight enemies at once.
Your skin changes colour to match your surroundings (Stealth+).
Your rubbery body absorbs attacks. (AC +1, EV +1)


Message History

The slime creature is moderately wounded.
You batter the slime creature!! You squeeze the slime creature.
The slime creature is severely wounded.
You block the slime creature's attack.
You batter the slime creature!!
You kill the slime creature!
Okawaru accepts your kill. Something appears before you!
Okawaru grants you a weapon!
Your base Unarmed Combat skill increases to level 11!
Two slime creatures merge to form a very large slime creature.
v - a runed great sword {god gift} You feel like a meek peon again.
The very large slime creature hits you!!!
Ouch! That really hurt!
* * * LOW HITPOINT WARNING * * *
You see here a howler monkey corpse.
The very large slime creature hits you!!!
Ouch! That really hurt!
You die...

........####.# #......#
#..##. .............#
#......# #..##.
.........†...# #......#
#..##. .......####..#
#......# #..##.
.......# #..# #......#
#..##. .......#
#..####......#####.....
.......#
#......................
.......#
#....J.............##..
######.#
#..###@.......###..##..
# #.# #..# #........#
#..##.. # #..#
#.<......# #.(##.. #..#
#........# #..##.. #..#
#........# #..##.. #..
#......<.# #.>##..
#........# #..##..
#........# #..#
#........#


You could see a very large slime creature.

Vanquished Creatures
  The ghost of Hans the Cleaver, a journeyman MiFi of Okawaru (D:10)
  A two-headed ogre (D:8)
  2 slime creatures (D:11)
  A hippogriff (D:7)
  Grinder (D:6)
  4 yaks (D:10)
  A hungry ghost (D:9)
  2 steam dragons (D:9)
  A water moccasin (D:10)
  Duvessa (D:6)
  2 sky beasts
  6 ice beasts
  9 orc warriors
  2 phantoms (D:6)
  A hornet zombie (D:8)
  2 black bears (D:9)
  An eye of draining (D:10)
  3 centaurs
  4 ogres
  A crocodile (D:7)
  9 bullfrogs
  5 big kobolds
  Dowan (D:6)
  2 wyvern zombies (D:10)
  4 scorpions
  6 killer bees (D:9)
  2 howler monkeys (D:11)
  6 crimson imps
  A bullfrog zombie (D:10)
  A centaur zombie (D:9)
  8 orc wizards
  7 orc priests
  2 centaur skeletons
  8 hounds
  4 bullfrog skeletons
  7 worker ants
  2 killer bee zombies
  A worker ant zombie (D:6)
  4 gnolls (D:6)
  A howler monkey skeleton (D:7)
  12 adders
  A river rat (Sewer)
  3 shadow imps
  4 oozes
  7 worms
  An adder skeleton (D:9)
  2 dart slugs
  4 leopard geckos
  36 orcs
  8 giant cockroaches
  12 goblins
  10 hobgoblins
  12 jackals
  3 quokkas
  3 ball pythons
  9 bats
  6 frilled lizards
  A jackal skeleton (D:7)
  16 kobolds
  A leopard gecko zombie (D:5)
  A quokka zombie (D:6)
  12 rats
291 creatures vanquished.

Vanquished Creatures (collateral kills)
  A wraith (D:10)
1 creature vanquished.

Grand Total: 292 creatures vanquished

Notes
Turn   | Place    | Note
-------+----------+-------------------------------------------
     0 | D:1      | wolfsongas the Octopode Fighter began the quest for the Orb.
     0 | D:1      | Reached XP level 1. HP: 16/16 MP: 1/1
   105 | D:1      | Reached XP level 2. HP: 21/21 MP: 2/2
   352 | D:1      | Reached skill level 3 in Unarmed Combat
   433 | D:1      | Reached XP level 3. HP: 26/26 MP: 3/3
  1376 | D:3      | Reached XP level 4. HP: 26/32 MP: 4/4
  1399 | D:3      | Reached skill level 4 in Unarmed Combat
  1823 | D:3      | Found an iron altar of Okawaru.
  1835 | D:3      | Became a worshipper of Warmaster Okawaru
  1993 | D:3      | Reached XP level 5. HP: 37/37 MP: 5/5
  2224 | D:4      | Found a staircase to the Ecumenical Temple.
  2574 | D:4      | Found a stormy altar of Qazlal.
  2819 | D:4      | Reached skill level 5 in Unarmed Combat
  2819 | D:4      | Reached XP level 6. HP: 32/44 MP: 6/6
  3203 | D:5      | Entered Level 5 of the Dungeon
  3229 | D:5      | Reached skill level 1 in Stealth
  3367 | D:5      | Found Uweuc's Armour Shop.
  3388 | D:5      | Reached * piety under Okawaru
  3392 | D:5      | Found Sikifo's Magic Scroll Shop.
  3471 | D:5      | Found Bomane's Distillery.
  3472 | D:5      | Found Esing's Food Shop.
  3505 | D:5      | Reached skill level 5 in Fighting
  3505 | D:5      | Reached XP level 7. HP: 31/50 MP: 7/7
  4286 | D:6      | Reached skill level 6 in Unarmed Combat
  4288 | D:6      | Found a glowing drain.
  4326 | Sewer    | Entered a sewer
  4656 | Sewer    | Reached ** piety under Okawaru
  4656 | Sewer    | Reached XP level 8. HP: 53/57 MP: 8/8
  4659 | Sewer    | Reached skill level 5 in Stealth
  5109 | D:6      | Reached skill level 7 in Unarmed Combat
  5351 | D:6      | Found a hazy altar of Hepliaklqana.
  5368 | D:6      | Noticed Grinder
  5388 | D:6      | Killed Grinder
  5392 | D:6      | Reached XP level 9. HP: 27/64 MP: 9/9
  5638 | D:6      | Reached *** piety under Okawaru
  5771 | D:6      | Found a glowing silver altar of Zin.
  6031 | D:6      | Got a crude flail {venom}
  6046 | D:6      | Reached skill level 8 in Unarmed Combat
  6059 | D:6      | Noticed Duvessa
  6059 | D:6      | Noticed Dowan
  6066 | D:6      | Killed Duvessa
  6076 | D:6      | Killed Dowan
  6314 | Temple   | Entered the Ecumenical Temple
  6610 | D:5      | Bought a scroll of identify for 28 gold pieces
  6610 | D:5      | Bought a scroll of identify for 28 gold pieces
  6610 | D:5      | Identified the +7 flail of the Ring {venom, rElec rF- rN+} (You took it off a centaur on level 6 of the Dungeon)
  7632 | D:7      | Reached **** piety under Okawaru
  7639 | D:7      | Got a distressingly furry ring mail
  7650 | D:7      | Identified the cursed +0 ring mail of the Farrier {rC+ Regen+} (You found it on level 7 of the Dungeon)
  7686 | D:7      | Found an opulent altar of Gozag.
  7713 | D:7      | Reached skill level 10 in Stealth
  7713 | D:7      | Reached skill level 9 in Unarmed Combat
  7713 | D:7      | Reached XP level 10. HP: 60/73 MP: 10/10
  8160 | D:8      | Noticed a two-headed ogre
  8358 | D:8      | Killed a two-headed ogre
  8727 | D:8      | Found a staircase to the Lair.
  9490 | D:9      | Got a twisted mace
  9491 | D:9      | Identified the +2 mace of Wealth {crush, +Rage +Inv +Fly rF-} (You found it on level 9 of the Dungeon)
  9540 | D:9      | Reached skill level 5 in Shields
  9547 | D:9      | Reached skill level 10 in Unarmed Combat
 10181 | D:9      | Found a sacrificial altar of Ru.
 10185 | D:9      | Found an ornate altar of the Wu Jian Council.
 10251 | D:9      | Reached ***** piety under Okawaru
 10461 | D:10     | Entered Level 10 of the Dungeon
 10467 | D:10     | Reached XP level 11. HP: 64/81 MP: 11/11
 10470 | D:10     | Reached skill level 10 in Fighting
 10723 | D:10     | Found a staircase to the Orcish Mines.
 10729 | D:10     | Noticed Hans's ghost (journeyman MiFi)
 11059 | D:10     | Killed Hans's ghost
 12463 | D:11     | Noticed a white ugly thing
 12591 | D:11     | Received a gift from Okawaru
 12591 | D:11     | Reached skill level 11 in Unarmed Combat
 12615 | D:11     | Annihilated by a very large slime creature

Vault maps used:
D:1:      lightli_arrival_noodles, minmay_misc_feat_chi
D:3:      cheibrodos_greedy_goblins, first_ration, minivault_14,
          okawaru_metal_pillars_3
D:4:      kennysheep_mini_moat, minmay_temple_entry_statues
D:5:      minmay_shop_grid_forest
D:6:      nicolae_overflow_crystal_walls, zin_treasury,
          cheibrodos_sewer_entry_drain, uniq_grinder, uniq_duvessa
D:7:      lemuel_doored_altar
D:8:      lair_entry_dummy
D:9:      cheibrodos_steamvent, minitemple
D:10:     david_orc_2
Temple:   eino_temple_rhombus
Sewer:    sewer_co_15_rooms

Skill      XL: |  1  2  3  4  5  6  7  8  9 10 11 |
---------------+----------------------------------+-----
Unarmed Combat | 3 4 5 6 7 9 10 11 | 11.0
Fighting       | 4 5 7 8 9 10 | 10.7
Stealth        | 2 4 7 10 | 10.1
Shields        | 5 7 |  7.1
Dodging        | |  3.0

Action                   |  1- 3 |  4- 6 |  7- 9 | 10-12 || total
-------------------------+-------+-------+-------+-------++-------
Melee: Unarmed           |    88 |   102 |   237 |   309 ||   736
       Constrict         |    37 |    27 |    49 |    57 ||   170
       Tentacles         |    17 |    33 |    54 |    73 ||   177
       Punch             |       |     8 |    17 |    32 ||    57
Invok: Heroism           |       |       |     2 |    16 ||    18
Evoke: Wand              |       |       |    16 |     2 ||    18
  Use: Scroll            |     5 |     4 |    10 |    13 ||    32
       Potion            |       |     2 |     5 |     5 ||    12
 Stab: Sleeping          |    11 |     2 |    23 |    14 ||    50
       Distracted        |       |       |       |     2 ||     2
  Eat: Chunk             |     1 |     3 |     7 |     2 ||    13
       Ration            |       |     2 |     1 |     4 ||     7
Armor: Skin              |    11 |     3 |     6 |     9 ||    29
Dodge: Dodged            |    37 |    33 |    77 |   152 ||   299
Block: Shield            |    25 |    36 |    79 |   206 ||   346
       Reflection        |       |       |       |     1 ||     1

Table legend:
 A = Spawn XP
 B = Non-spawn XP
 C = Spawn XP percentage of total XP
 D = Spawn monster count
 E = Non-spawn monster count
 F = Spawn count percentage of total count
 G = Total turns spent on level
                    A         B        C        D         E        F      G
               +---------+---------+-------+---------+---------+-------+---------
         Total |       0 |   13897 |   0.0 |       0 |     292 |   0.0 | 12615
               +---------+---------+-------+---------+---------+-------+---------
           D:1 |       0 |      53 |   0.0 |       0 |      31 |   0.0 |   863
           D:2 |       0 |      19 |   0.0 |       0 |       9 |   0.0 |   438
           D:3 |       0 |     107 |   0.0 |       0 |      26 |   0.0 |   885
           D:4 |       0 |     204 |   0.0 |       0 |      11 |   0.0 |  1045
           D:5 |       0 |     410 |   0.0 |       0 |      16 |   0.0 |  1164
           D:6 |       0 |    1917 |   0.0 |       0 |      36 |   0.0 |  1636
           D:7 |       0 |    1647 |   0.0 |       0 |      35 |   0.0 |  1590
           D:8 |       0 |    1561 |   0.0 |       0 |      15 |   0.0 |   707
           D:9 |       0 |    2488 |   0.0 |       0 |      43 |   0.0 |  1805
          D:10 |       0 |    3952 |   0.0 |       0 |      42 |   0.0 |  1681
          D:11 |       0 |    1063 |   0.0 |       0 |       6 |   0.0 |   191
         Sewer |       0 |     476 |   0.0 |       0 |      22 |   0.0 |   374
               +---------+---------+-------+---------+---------+-------+---------
